 Dungeon Crawl Stone Soup version 0.27.1-3-gb3d3a73c9e (webtiles) character file.

Game seed: 5079236882290740443

11524 Doot the Destroyer (level 11, 0/84 HPs)
             Began as a Yellow Draconian Conjurer on Oct 13, 2021.
             Was a High Priest of Sif Muna.
             Shot with an arrow by a centaur (4 damage)
             ... on level 2 of the Orcish Mines.
             The game lasted 00:29:40 (12986 turns).

Doot the Destroyer (Yellow Draconian Conjurer)     Turns: 12986, Time: 00:29:41

Health: 0/84       AC: 12    Str:  9    XL:     11   Next: 50%
Magic:  10/21      EV: 15    Int: 21    God:    Sif Muna [*****.]
Gold:   717        SH:  6    Dex: 17    Spells: 10/24 levels left

rFire    . . .     SeeInvis .   b - staff of conjuration
rCold    . . .     Faith    +   I - +2 buckler {AC+3}
rNeg     . . .     Spirit   .   (armour unavailable)
rPois    .         Reflect  .   (helmet restricted)
rElec    .         Harm     .   u - +0 cloak
rCorr    +         Rampage  .   (no gloves)
Will     .....                  H - +0 pair of boots
Stlth    ++++......             Q - amulet of faith
HPRegen  0.24/turn              p - +6 ring of dexterity
MPRegen  0.17/turn              A - +4 ring of slaying

@: short of breath, slowed, very slow
A: spit acid, AC +7, unfitting armour, cold-blooded, acid resistance
a: Breathe Acid, Renounce Religion, Channel Magic, Forget Spell, Divine Exegesis


You were on level 2 of the Orcish Mines.
You worshipped Sif Muna.
Sif Muna was extremely pleased with you.
You visited 2 branches of the dungeon, and saw 12 of its levels.
You also visited: Ossuary.

You collected 717 gold pieces.

Inventory:

Hand Weapons
 a - a +2 dagger of venom
 i - a +0 mace
 R - a +4 dagger
Missiles
 l - a throwing net
Armour
 u - a +0 cloak (worn)
 H - a +0 pair of boots (worn)
 I - a +2 buckler of protection (worn)
Magical Staves
 b - a staff of conjuration (weapon)
 r - a staff of earth
 s - a staff of poison
Jewellery
 c - a ring of fire
 f - an amulet of the acrobat
 p - a +6 ring of dexterity (left hand)
 A - a +4 ring of slaying (right hand)
 J - a ring of wizardry
 Q - an amulet of faith (around neck)
 S - the amulet "Xunyda" {Spirit Contam rN+++ Will+}
   (You acquired it on level 10 of the Dungeon)

   [amulet of guardian spirit]

   It causes incoming damage to be divided between your reserves of health and
   magic.
   rN:        It renders you almost immune to negative energy.
   Contam:    It causes magical contamination when unequipped.
   Will:      It increases your willpower.
Wands
 g - a wand of acid (7)
 t - a wand of polymorph (6)
 C - a wand of charming (9)
 F - a wand of flame (20)
 K - a wand of iceblast (9)
Scrolls
 d - 4 scrolls of magic mapping
 h - a scroll of noise {unknown}
 k - a scroll of enchant weapon {unknown}
 o - 5 scrolls of enchant armour
 y - a scroll of vulnerability {unknown}
 D - 2 scrolls of amnesia
 E - a scroll of fog {unknown}
 G - 2 scrolls of teleportation
 M - a scroll of fear {unknown}
 O - a scroll of brand weapon {unknown}
Potions
 e - 4 potions of heal wounds
 m - a potion of brilliance {unknown}
 n - 5 potions of curing
 q - 4 potions of lignification {unknown}
 w - a potion of invisibility {unknown}
 x - a potion of flight {unknown}
 z - 2 potions of ambrosia {unknown}
 B - a potion of might {unknown}
 L - 2 potions of cancellation {unknown}
 P - a potion of mutation {unknown}


   Skills:
 + Level 4.1 Fighting
 + Level 6.2 Short Blades
 + Level 1.0 Maces & Flails
 + Level 6.9 Dodging
 + Level 8.1 Stealth
 + Level 1.5 Shields
 + Level 0.1 Unarmed Combat
 + Level 7.0 Spellcasting
 + Level 9.0 Conjurations
 + Level 0.9 Hexes
 + Level 1.3 Translocations
 * Level 4.5 Invocations
 * Level 4.2 Evocations


You had 10 spell levels left.
You knew the following spells:

 Your Spells              Type           Power      Damage    Failure   Level
a - Magic Dart            Conj           100%       1d8       1%          1
b - Searing Ray           Conj           100%       3d7       1%          2
c - Iskenderun's Mystic   Conj/Tloc      43%        2d10      14%         4
d - Fulminant Prism       Conj/Hex       21%        3d13      16%         4
e - Dazzling Flash        Conj/Hex       84%        N/A       4%          3

Your spell library contained the following spells:

 Spells                   Type           Power      Damage    Failure   Level
 Animate Skeleton         Necr           14%        N/A       12%         1
 Pain                     Necr           28%        1d5       12%         1
 Summon Small Mammal      Summ           28%        N/A       12%         1
 Poisonous Vapours        Pois/Air       14%        N/A       19%         2
 Portal Projectile        Hex/Tloc       24%        N/A       22%         3
 Summon Guardian Golem    Hex/Summ       9%         N/A       30%         3
 Call Canine Familiar     Summ           7%         N/A       34%         3
 Vampiric Draining        Necr           3%         2d6       34%         3
 Leda's Liquefaction      Hex/Erth       4%         N/A       69%         4
 Ice Form                 Ice/Tmut       7%         N/A       75%         4


Dungeon Overview and Level Annotations

Branches:
Dungeon (10/15) Temple (0/1) D:7 Lair (0/6) D:8 Orc (2/2) D:9 Elf (0/3) Orc:1 Orc:2 Ossuary (visited)

Altars:
Cheibriados
Dithmenos
Makhleb
Nemelex Xobeh
Okawaru
Qazlal
Ru
Sif Muna
Trog
Uskayaw
Vehumet
Yredelemnul
Zin
Beogh

Shops:
D:5 *

Annotations:
D:5 2 transporters, Name63's ghost, novice DsCj
D:10 Sonja
Orc:1 Maurice


Innate Abilities, Weirdness & Mutations

You can spit globs of acid.
Your golden yellow scales are hard. (AC +7)
You cannot fit into any form of body armour.
You are cold-blooded and may be slowed by cold attacks.
You are resistant to acid. (rCorr)


Message History

The mystic blast hits the centaur!
The centaur is severely wounded.
The centaur is knocked back by the mystic blast.
The mystic blast hits the centaur!
The centaur is almost dead.
You hear a shout!
The centaur wields a +0 shortbow.
The centaur shoots an arrow.
The arrow barely misses you.
The centaur wields a +0 shortbow.
The centaur shoots an arrow.
The arrow hits you!
The centaur shoots an arrow.
The arrow barely misses you.
The centaur warrior wields a +0 shortbow.
The centaur warrior shoots an arrow.
The arrow hits you!
The orc warrior unwields a +0 broad axe.
The orc warrior wields a +0 arbalest.
The orc warrior shoots a bolt.
The bolt hits you.
The centaur shoots an arrow.
The arrow barely misses you.
The centaur shoots an arrow.
The arrow hits you.
The centaur shoots an arrow.
The arrow hits you but does no damage.
The orc warrior unwields a +0 great mace.
The orc warrior wields a +0 arbalest.
The orc warrior shoots a bolt.
The bolt hits you!
* * * LOW HITPOINT WARNING * * *
The centaur shoots an arrow.
The arrow hits you but does no damage.
The centaur shoots an arrow.
The arrow hits you but does no damage.
The orc warrior unwields a +0 glaive.
The orc warrior wields a +0 arbalest.
The orc warrior shoots a bolt.
You block the bolt.
The orc warrior shoots a bolt.
The bolt completely misses you.
An orc warrior comes into view. It is wielding a +0 broad axe.
You feel yourself speed up.
The centaur shoots an arrow.
You block the arrow.
The centaur shoots an arrow. x2
The arrow closely misses you.
The centaur shoots an arrow.
The arrow hits you!
* * * LOW HITPOINT WARNING * * *
The centaur shoots an arrow.
The arrow misses you.
The orc warrior shoots a bolt.
The bolt hits you.
* * * LOW HITPOINT WARNING * * *
The centaur shoots an arrow.
The arrow barely misses you.
The centaur warrior shoots an arrow.
You block the arrow.
The centaur shoots an arrow.
The arrow hits you!
* * * LOW HITPOINT WARNING * * *
You feel yourself slow down. The arrow freezes you.
You die...

....o ..# .
.o.. ..## ..
... #o..##
#..##.c##......
.....c.o..c....
..c..c)).....#.
.......).......
....$.>@.......
#............##
##...)...#....#
#...$.... #.##
#.......#. #
#..........
###...... ##
##.##.##


You could see a centaur warrior, 4 orc warriors and 4 centaurs.

Vanquished Creatures
  A two-headed ogre (D:9)
  2 tengu warriors
  An orc high priest (Orc:1)
  An orc knight (Orc:1)
  A gargoyle (D:8)
  3 trolls (Orc:1)
  A hornet (D:9)
  Prince Ribbit (D:7)
  A vampire (D:9)
  A wraith (D:5)
  A wyvern (D:10)
  A steam dragon (D:8)
  8 yaks
  3 vampire mosquitoes (D:10)
  Edmund (D:4)
  2 wargs (Orc:1)
  An acid dragon (D:9)
  3 water moccasins
  9 orc warriors
  2 black bears (D:8)
  A necrophage (D:6)
  3 ogres
  5 centaurs
  A phantom (D:6)
  2 elf zombies (Ossuary)
  A kobold brigand (D:7)
  6 bullfrogs
  8 scorpions
  5 killer bees (D:10)
  9 wights
  A jelly (D:7)
  4 centaur zombies
  2 human zombies (Ossuary)
  A hound (D:6)
  5 orc priests
  Crazy Yiuf (D:2)
  A bullfrog skeleton (D:4)
  A centaur skeleton (D:6)
  Natasha (thrice) (D:3)
  7 orc wizards
  2 hound zombies (Ossuary)
  3 mummies (Ossuary)
  A howler monkey zombie (D:10)
  Robin (D:3)
  A howler monkey skeleton (D:6)
  A river rat (D:5)
  10 adders
  2 white imps
  2 ufetubi (D:5)
  4 adder zombies (Ossuary)
  2 worms (D:5)
  3 dart slugs
  39 orcs
  7 ball pythons
  4 endoplasms
  A giant cockroach (D:4)
  A gnoll zombie (Ossuary)
  11 goblins
  9 hobgoblins
  A quokka (D:4)
  9 bats
  3 frilled lizards
  2 goblin zombies (Ossuary)
  3 hobgoblin zombies (Ossuary)
  2 jackal zombies (Ossuary)
  6 kobolds
  A kobold zombie (Ossuary)
  3 orc zombies (Ossuary)
  2 quokka zombies (Ossuary)
  7 rats
  8 rat zombies (Ossuary)
262 creatures vanquished.

Vanquished Creatures (others)
  6 fulminant prisms
  38 fungi (D:8)
  41 plants (D:8)
85 creatures vanquished.

Grand Total: 347 creatures vanquished

Notes
Turn   | Place    | Note
-------+----------+-------------------------------------------
     0 | D:1      | Doot the Draconian Conjurer began the quest for the Orb.
     0 | D:1      | Reached XP level 1. HP: 14/14 MP: 3/3
    36 | D:1      | Found a faded altar of an unknown god.
   157 | D:1      | Reached XP level 2. HP: 20/20 MP: 0/5
   160 | D:1      | Learned a level 2 spell: Searing Ray
   552 | D:3      | Found a stormy altar of Qazlal.
   632 | D:3      | Noticed Natasha
   638 | D:3      | Killed Natasha
   639 | D:3      | Reached XP level 3. HP: 9/26 MP: 2/6
   673 | D:3      | Noticed Natasha
   850 | D:3      | Killed Natasha
   851 | D:3      | Reached skill level 5 in Conjurations
   851 | D:3      | Reached XP level 4. HP: 26/33 MP: 7/7
   964 | D:3      | Learned a level 4 spell: Iskenderun's Mystic Blast
  1241 | D:4      | Found a shimmering blue altar of Sif Muna.
  1250 | D:4      | Became a worshipper of Sif Muna the Loreminder
  1690 | D:2      | Noticed a scorpion
  1698 | D:2      | Killed a scorpion
  1699 | D:2      | Reached skill level 1 in Maces & Flails
  1699 | D:2      | Reached XP level 5. HP: 39/39 MP: 4/8
  2439 | D:2      | Found a runed translucent door.
  2440 | D:2      | Noticed Crazy Yiuf
  2835 | D:3      | Reached skill level 1 in Short Blades
  2908 | D:3      | Noticed Natasha
  2957 | D:3      | Killed Natasha
  2957 | D:3      | Reached * piety under Sif Muna
  3054 | D:3      | Found a glowing silver altar of Zin.
  3054 | D:3      | Noticed an angel
  3422 | D:3      | Noticed Robin
  3428 | D:3      | Reached XP level 6. HP: 46/46 MP: 3/9
  3429 | D:3      | Killed Robin
  3705 | D:2      | Killed Crazy Yiuf
  3761 | D:4      | Noticed Edmund
  3789 | D:4      | Killed Edmund
  3790 | D:4      | Reached skill level 1 in Fighting
  3790 | D:4      | Reached skill level 6 in Conjurations
  4440 | D:5      | Entered Level 5 of the Dungeon
  4464 | D:5      | Found a bloodstained altar of Trog.
  4475 | D:5      | Your scales start taking on a golden yellow colour.
  4475 | D:5      | Reached XP level 7. HP: 52/52 MP: 10/12
  4475 | D:5      | Gained mutation: You are resistant to acid. (rCorr) [Yellow
                  | Draconian growth]
  4499 | D:5      | Found a sand-covered staircase.
  4505 | Ossuary  | Entered an ossuary
  4633 | Ossuary  | Reached ** piety under Sif Muna
  4972 | D:5      | Found a transporter.
  4977 | D:5      | Noticed Name63's ghost (novice DsCj)
  5001 | D:5      | Reached XP level 8. HP: 54/61 MP: 10/13
  5276 | D:5      | Found a transporter.
  5383 | D:5      | Found Votes's Mass Market.
  5583 | D:5      | Found a basalt altar of Yredelemnul.
  6016 | D:6      | Found a sparkling altar of Nemelex Xobeh.
  6136 | D:6      | Reached skill level 7 in Conjurations
  6138 | D:6      | Reached skill level 5 in Stealth
  6149 | D:6      | Reached *** piety under Sif Muna
  6179 | D:6      | Reached XP level 9. HP: 42/68 MP: 3/15
  6366 | D:6      | Found an iron altar of Okawaru.
  6567 | D:6      | Identified the +1 ring mail "Dotonevu" {Rampage Will+
                  | Str-5}
  6635 | D:7      | Reached skill level 5 in Short Blades
  6967 | D:7      | Reached skill level 5 in Dodging
  7149 | D:7      | Found a staircase to the Ecumenical Temple.
  7260 | D:7      | Found a shadowy altar of Dithmenos.
  7291 | D:7      | Noticed Prince Ribbit
  7302 | D:7      | Killed Prince Ribbit
  7394 | D:8      | Noticed a tengu warrior
  7400 | D:8      | Noticed a gargoyle
  7407 | D:8      | Killed a gargoyle
  7519 | D:8      | Learned a level 4 spell: Fulminant Prism
  7523 | D:8      | Learned a level 3 spell: Dazzling Flash
  7561 | D:8      | Killed a tengu warrior
  7562 | D:8      | Reached skill level 5 in Spellcasting
  7564 | D:8      | Reached XP level 10. HP: 61/77 MP: 2/17
  7718 | D:8      | Reached skill level 8 in Conjurations
  7860 | D:8      | Found a hide-covered altar of Uskayaw.
  7971 | D:8      | Found a sacrificial altar of Ru.
  7981 | D:8      | Reached skill level 1 in Evocations
  8149 | D:8      | Found a staircase to the Lair.
  8203 | D:8      | Reached skill level 1 in Invocations
  8742 | D:9      | Found a staircase to the Orcish Mines.
  8746 | D:9      | Reached **** piety under Sif Muna
  9010 | D:9      | Noticed a tengu warrior
  9018 | D:9      | Killed a tengu warrior
  9056 | D:9      | Found a burning altar of Makhleb.
  9057 | D:9      | Noticed a two-headed ogre
  9464 | D:9      | Killed a two-headed ogre
  9905 | D:10     | Entered Level 10 of the Dungeon
 10125 | D:10     | Found a radiant altar of Vehumet.
 10128 | D:10     | Found a snail-covered altar of Cheibriados.
 10158 | D:10     | Reached XP level 11. HP: 62/83 MP: 8/20
 10590 | D:10     | Reached skill level 1 in Translocations
 10903 | D:10     | Noticed Sonja
 11288 | D:10     | Identified 2 scrolls of acquirement
 11289 | D:10     | Acquired the amulet "Xunyda" {Spirit Contam rN+++ Will+}
 11291 | D:10     | Acquired a staff of conjuration
 11336 | Orc:1    | Entered Level 1 of the Orcish Mines
 11339 | Orc:1    | Reached skill level 1 in Shields
 11368 | Orc:1    | Noticed an orc knight
 11393 | Orc:1    | Killed an orc knight
 12067 | Orc:1    | Noticed Maurice
 12068 | Orc:1    | Noticed an orc high priest
 12090 | Orc:1    | Killed an orc high priest
 12091 | Orc:1    | Reached skill level 9 in Conjurations
 12402 | Orc:1    | Reached ***** piety under Sif Muna
 12602 | Orc:2    | Entered Level 2 of the Orcish Mines
 12602 | Orc:2    | Found a staircase to the Elven Halls.
 12842 | Orc:1    | Received a gift from Sif Muna
 12845 | Orc:1    | Got Ristynao's Collected Works on Shifting Venom {god gift}
 12984 | Orc:2    | Noticed a centaur warrior
 12986 | Orc:2    | HP: 4/84 [centaur/arrow (8)]
 12986 | Orc:2    | Shot with an arrow by a centaur

Illustrated notes

Levels and vault maps discovered:
D:1:      pf_arrival_petrified_forest, layout_rooms,
          hellmonk_ecumenical_altar_blasted, minivault_24, minmay_heptomino_l4
D:2:      layout_basic, kennysheep_decorative_pillar, minmay_fountain_box,
          uniq_crazy_yiuf_cottage
D:3:      layout_basic, nicolae_qazlal_general_emergency, zin_angel,
          serial_bayou_pond_a, moated_statue, nrook_campfire, uniq_robin,
          uniq_natasha
D:4:      layout_cave_pools, lemuel_round_altar, serial_bayou_lagoon_a,
          minmay_misc_feat_roman, uniq_edmund
D:5:      layout_gridville, trog_three_pillars_becter,
          yredelemnul_altar_generic, nicolae_ossuary_entry_plus,
          gammafunk_ghost_stat_death, lightli_sewer_entry_pipes,
          minmay_shop_mass
D:6:      layout_loops_ring, mainiacjoe_overflow_boulevard, lemuel_doored_altar
D:7:      layout_basic, mainiacjoe_overflow_small_starburst, temple_green,
          uniq_prince_ribbit1
D:8:      layout_rooms, nicolae_uskayaw_dance_hall, mainiacjoe_overflow_catwalk,
          due_lair_maze_entry_diamond
D:9:      layout_basic, lemuel_tele_altar, david_orc_2
D:10:     layout_stronghold, nicolae_overflow_hidden_temple, uniq_sonja
Orc:1:    layout_diamond_mine, mines2_david, uniq_maurice
Orc:2:    st_orc_rangers, layout_caves, mines3_lemuel

Skill      XL: |  1  2  3  4  5  6  7  8  9 10 11 |
---------------+----------------------------------+-----
Stealth        | 2 3 4 5 6 8 |  8.1
Dodging        | 2 3 4 6 |  6.9
Conjurations   | 5 6 7 8 9 |  9.0
Maces & Flails | 1 |  1.0
Short Blades   | 1 2 4 5 6 |  6.2
Fighting       | 1 2 3 4 |  4.1
Spellcasting   | 3 4 5 6 7 |  7.0
Evocations     | 3 4 |  4.2
Invocations    | 3 4 |  4.5
Translocations | 1 |  1.3
Shields        | 1 |  1.5
Unarmed Combat | |  0.1
Hexes          | |  0.9

Action                   |  1- 3 |  4- 6 |  7- 9 | 10-12 || total
-------------------------+-------+-------+-------+-------++-------
Melee: Mace              |    11 |       |       |       ||    11
       Dagger            |     5 |    34 |   137 |    53 ||   229
       Tailslap          |     1 |     8 |    24 |     6 ||    39
       Unarmed           |     5 |       |       |       ||     5
 Cast: Magic Dart        |    26 |    33 |     5 |    13 ||    77
       Searing Ray       |     2 |    23 |    47 |    77 ||   149
       Iskenderun's Myst |       |     1 |       |    18 ||    19
       Dazzling Flash    |       |       |     1 |       ||     1
       Fulminant Prism   |       |       |       |     6 ||     6
 Abil: Breathe Acid      |       |       |     5 |    12 ||    17
Evoke: Wand              |       |     2 |       |       ||     2
  Use: Scroll            |       |       |       |     9 ||     9
 Stab: Sleeping          |     1 |     4 |     6 |     5 ||    16
       Distracted        |       |       |     2 |       ||     2
       Invisible         |       |       |     1 |       ||     1
Armor: Skin              |    27 |    11 |    64 |    32 ||   134
Dodge: Dodged            |    41 |    35 |   168 |   103 ||   347
Block: Buckler           |       |       |       |    51 ||    51
